[Event "Titled Tuesday Blitz May 10 Early 2022"]
[White "Shuvalov, Evgenij"]
[Black "Namitbir Singh Walia"]
[WhiteFideId "4187237"]
[BlackFideId "35071068"]
[WhiteElo "2053"]
[BlackElo "1565"]
[Result "0-1"]
[Round "04"]
[TimeControl "180+1"]
[Date "2022.05.11"]
[WhiteClock "0:01:09"]
[BlackClock "0:00:26"]

1. Nf3 d5 2. c4 dxc4 3. e3 e6 4. Bxc4 Nf6 5. b3 b6 6. Bb2 Bb7 7. Nc3 Be7 8. Qc2 O-O 9. Ng5 h6 10. h4 Nbd7 11. f4 a6 12. Bxe6 fxe6 13. Nxe6 Qe8 14. Nxc7 Qh5 15. Nxa8 Bxa8 16. Qd1 Bxg2 17. Qxh5 Nxh5 18. Rh2 Bf3 19. Kf2 Bb7 20. Ne4 Bxe4 21. Rc1 Ndf6 22. Rh3 Rd8 23. Ke1 Ng4 24. Bd4 Bg2 25. Bxb6 Rd7 26. Rc8+ Kf7 27. Rh2 Nxh2 28. Bd4 Bb7 29. Rc5 Nf3+ 30. Kf2 Bxc5 31. Bxc5 Rxd2+ 0-1


[Site "https://www.chess.com"]

[Event "Titled Tuesday Blitz May 10 Early 2022"]
[White "Silva, Mariana Sofia T."]
[Black "Lomaia, Diana"]
[WhiteFideId "1911899"]
[BlackFideId "13612476"]
[WhiteElo "1825"]
[BlackElo "1744"]
[Result "0-1"]
[Round "04"]
[TimeControl "180+1"]
[Date "2022.05.11"]
[WhiteClock "0:00:05"]
[BlackClock "0:01:07"]

1. d4 d5 2. c4 dxc4 3. e3 Nf6 4. Bxc4 e6 5. Nf3 c5 6. O-O a6 7. Be2 Nc6 8. dxc5 Qxd1 9. Rxd1 Bxc5 10. Nc3 O-O 11. b3 b5 12. Bb2 Bb7 13. Rac1 Bb6 14. Nb1 Rfd8 15. Nbd2 Nb4 16. a3 Nbd5 17. Nf1 Ne4 18. Nd4 Rac8 19. a4 Nec3 20. Bxc3 Nxc3 21. Rxc3 Rxc3 22. axb5 Bxd4 23. exd4 axb5 24. Bxb5 Rxb3 25. Bc4 Rb4 26. Ne3 Rb6 27. d5 Rbd6 28. h4 exd5 29. Ba2 g6 30. Rb1 Ba8 31. g3 d4 32. Ng4 Kg7 33. Ne5 Bd5 34. Bxd5 Rxd5 35. Nd3 Rc8 36. Rb7 Rc3 37. Nf4 Rd6 38. Kf1 d3 39. Ke1 d2+ 40. Kd1 Rc1+ 41. Ke2 d1=Q+ 0-1


[Site "https://www.chess.com"]

[Event "Titled Tuesday Blitz May 10 Early 2022"]
[White "Sjoberg, Isak"]
[Black "Polster, Christian"]
[WhiteFideId "1521640"]
[BlackFideId "12965081"]
[WhiteElo "2037"]
[BlackElo "2295"]
[Result "1-0"]
[Round "04"]
[TimeControl "180+1"]
[Date "2022.05.11"]
[WhiteClock "0:01:04"]
[BlackClock "0:00:01"]

1. h4 d5 2. d3 Nf6 3. g3 e5 4. Bg2 c5 5. h5 h6 6. c4 Nc6 7. Nc3 Be6 8. cxd5 Nxd5 9. Bd2 Be7 10. Rc1 O-O 11. Nf3 Nc7 12. Ne4 Na6 13. Nh4 Rc8 14. Be3 Nd4 15. Qd2 Bxa2 16. b3 Bxb3 17. Bxh6 gxh6 18. Qxh6 Rc6 19. Ng6 Bf6 20. Ng5 Qa5+ 21. Kf1 1-0


[Site "https://www.chess.com"]

[Event "Titled Tuesday Blitz May 10 Early 2022"]
[White "Sjugirov, Sanan"]
[Black "Oganian, Miran"]
[WhiteFideId "4189302"]
[BlackFideId "4122488"]
[WhiteElo "2602"]
[BlackElo "2357"]
[Result "0-1"]
[Round "04"]
[TimeControl "180+1"]
[Date "2022.05.10"]
[WhiteClock "0:00:13"]
[BlackClock "0:00:24"]

1. e4 e6 2. d4 d5 3. Nd2 Nc6 4. Ngf3 Nf6 5. e5 Nd7 6. Nb3 a5 7. a4 b6 8. c3 Be7 9. h4 h6 10. h5 Ba6 11. Bxa6 Rxa6 12. O-O Ra8 13. Ne1 O-O 14. Nd3 Kh8 15. Be3 Rc8 16. Nd2 Qe8 17. Qe2 Nd8 18. b4 c5 19. bxc5 bxc5 20. Rfb1 cxd4 21. cxd4 Nc6 22. Rb5 Nb4 23. Rxa5 Nb6 24. Rb5 Nc2 25. Rc1 Nxa4 26. Rb7 Ba3 27. Rf1 Qc6 28. Rb3 Qa6 29. Nf3 Qc4 30. Nd2 Nc3 31. Rxc3 Qxc3 32. Nf3 Qc4 33. g4 Nb4 34. Nf4 Qxe2 35. Nxe2 Nc2 36. Bd2 Bb4 37. Bc1 Na3 38. Nf4 Nb5 39. Nd3 Bc3 40. Be3 Rc4 41. Rd1 Nxd4 42. Bxd4 Bxd4 43. g5 Ba7 44. gxh6 gxh6 45. Kf1 Rg8 46. Rb1 Rb8 47. Ra1 Rb7 48. Kg2 Rc2 49. Nfe1 Rd2 50. Rc1 Kg7 51. Ra1 Bd4 52. Ra4 Bc3 53. Rg4+ Kf8 54. Nc5 Rc7 55. Nf3 Rxc5 56. Nxd2 Bxd2 57. Ra4 Rc2 58. Ra7 d4 59. Ra8+ Kg7 60. Rd8 Be3 61. Kf3 Rxf2+ 62. Ke4 Rf4+ 63. Kd3 Rf5 64. Ke4 Rxh5 65. Rc8 Rg5 66. Kd3 h5 67. Rc2 h4 68. Rh2 Rh5 69. Ke2 h3 70. Kf3 Bg1 71. Ke4 Bxh2 0-1


[Site "https://www.chess.com"]

[Event "Titled Tuesday Blitz May 10 Early 2022"]
[White "Sokolovsky, Yahli"]
[Black "Bettalli, Francesco"]
[WhiteFideId "2820242"]
[BlackFideId "2816453"]
[WhiteElo "1770"]
[BlackElo "2216"]
[Result "1-0"]
[Round "04"]
[TimeControl "180+1"]
[Date "2022.05.11"]
[WhiteClock "0:00:07"]
[BlackClock "0:01:04"]

1. b3 e5 2. Bb2 d6 3. e3 g6 4. d4 Bg7 5. dxe5 Nd7 6. Nf3 Nxe5 7. Nxe5 Bxe5 8. Bxe5 dxe5 9. Qxd8+ Kxd8 10. Nc3 c6 11. O-O-O+ Kc7 12. Ne4 Ne7 13. Bc4 b5 14. Bxf7 Rf8 15. Ng5 h6 16. Ne6+ Bxe6 17. Bxe6 Kb6 18. f3 Rf6 19. Bh3 Nd5 20. Kd2 Rd8 21. e4 Nf4+ 22. Ke3 Rfd6 23. Rxd6 Rxd6 24. Rg1 Kc5 25. a3 a5 26. Bg4 h5 27. g3 hxg4 28. gxf4 exf4+ 29. Kxf4 gxf3 30. Kxf3 Rf6+ 31. Ke3 a4 32. Rg5+ Kb6 33. bxa4 bxa4 34. h4 c5 35. e5 Re6 36. Ke4 Kc6 37. c4 Re8 38. Rxg6+ Kc7 39. Kd5 Rd8+ 40. Kxc5 Rd3 41. Rg7+ Kd8 42. Kb4 Re3 43. Rg5 Re4 44. Kxa4 Ke7 45. Kb5 Rxh4 46. a4 Rh1 47. a5 Rb1+ 48. Kc5 Ra1 49. Kb6 Rb1+ 50. Ka7 Ra1 51. a6 Kd7 52. e6+ Kxe6 53. Rd5 Ra4 54. Rd4 Ke5 55. Rd5+ Ke6 56. Rd4 Ke5 57. Rh4 Kd6 58. c5+ 1-0


[Site "https://www.chess.com"]

[Event "Titled Tuesday Blitz May 10 Early 2022"]
[White "Soucek, Petr"]
[Black "Yurtseven, Melih"]
[WhiteFideId "23715170"]
[BlackFideId "6312160"]
[WhiteElo "1979"]
[BlackElo "2160"]
[Result "0-1"]
[Round "04"]
[TimeControl "180+1"]
[Date "2022.05.11"]
[WhiteClock "0:00:01"]
[BlackClock "0:00:47"]

1. e4 e5 2. Nf3 Nc6 3. Nc3 Nf6 4. d4 exd4 5. Nxd4 Bb4 6. Nxc6 bxc6 7. Bd3 d5 8. exd5 O-O 9. O-O Bg4 10. Ne2 cxd5 11. h3 Bh5 12. c4 Re8 13. Qc2 dxc4 14. Qxc4 Bg6 15. Bxg6 hxg6 16. Nf4 Bd6 17. Nxg6 Re4 18. Qc6 fxg6 19. Bg5 Re6 20. Qc4 Qd7 21. Bxf6 gxf6 22. f4 f5 23. Rad1 Re8 24. h4 Kh7 25. h5 gxh5 26. Qd5 Qf7 27. Rd3 Qf6 28. Rh3 Kh6 29. Qf3 Qg6 30. Kh2 Qg4 31. Qd3 Bxf4+ 32. g3 Re2+ 33. Kh1 Qxh3+ 34. Kg1 Qg2# 0-1


[Site "https://www.chess.com"]

[Event "Titled Tuesday Blitz May 10 Early 2022"]
[White "Steinberg, Nitzan"]
[Black "Dardha, Daniel"]
[WhiteFideId "2801795"]
[BlackFideId "240990"]
[WhiteElo "2471"]
[BlackElo "2482"]
[Result "1-0"]
[Round "04"]
[TimeControl "180+1"]
[Date "2022.05.10"]
[WhiteClock "0:00:27"]
[BlackClock "0:00:07"]

1. e4 e5 2. Nf3 Nf6 3. Nxe5 d6 4. Nf3 Nxe4 5. d3 Nf6 6. d4 d5 7. Bd3 Bd6 8. O-O O-O 9. h3 h6 10. Re1 c5 11. dxc5 Bxc5 12. Nc3 Nc6 13. a3 Qd6 14. Be3 Bxe3 15. Rxe3 a6 16. Re2 Bd7 17. Qd2 Rfe8 18. Rae1 Rxe2 19. Nxe2 Qc5 20. Ned4 Kf8 21. Qf4 Nxd4 22. Qxd4 Qxd4 23. Nxd4 Rc8 24. f3 g5 25. Kf2 Re8 26. Rxe8+ Nxe8 27. Ke3 Nd6 28. b3 Ke7 29. a4 a5 30. f4 b6 31. Nf3 f6 32. h4 gxf4+ 33. Kxf4 b5 34. axb5 Bxb5 35. Bxb5 Nxb5 36. h5 Kd6 37. Kf5 Na3 38. Ne1 d4 39. Kxf6 Kd5 40. g4 Ke4 41. g5 Nxc2 42. Nxc2 d3 43. Na3 a4 44. bxa4 Kd4 45. Nb1 1-0


[Site "https://www.chess.com"]

[Event "Titled Tuesday Blitz May 10 Early 2022"]
[White "Stoleriu, George"]
[Black "Maghsoodloo, Parham"]
[WhiteFideId "1227505"]
[BlackFideId "12539929"]
[WhiteElo "2194"]
[BlackElo "2630"]
[Result "0-1"]
[Round "04"]
[TimeControl "180+1"]
[Date "2022.05.10"]
[WhiteClock "0:00:04"]
[BlackClock "0:00:49"]

1. e4 c5 2. Nf3 d6 3. Bb5+ Nd7 4. d4 cxd4 5. Qxd4 e5 6. Qd3 a6 7. Bxd7+ Bxd7 8. c4 b5 9. Nc3 bxc4 10. Qxc4 Nf6 11. Bg5 Be7 12. Bxf6 Bxf6 13. O-O O-O 14. Rfd1 Be7 15. Rac1 Re8 16. Nd5 Bf8 17. Qc7 Rb8 18. b3 a5 19. Qxd8 Rexd8 20. Rc7 a4 21. b4 a3 22. Ra7 Be6 23. Rxa3 Bxd5 24. Rxd5 Rxb4 25. Nd2 g6 26. f3 Rc8 27. Kf2 Rb2 28. Ke2 Rcc2 29. Kd1 Rxa2 30. Rxa2 Rxa2 31. h3 f5 32. g4 f4 33. Ke2 Kf7 34. Rb5 Ke6 35. Rb7 Be7 36. Kd3 Ra3+ 37. Ke2 Re3+ 38. Kd1 Rc3 39. Rb3 Rc6 40. Rb2 h5 41. Rc2 Ra6 42. Ke2 Ra1 43. Nf1 Bh4 44. Nd2 Rh1 45. Rc7 Rxh3 46. Rg7 Kf6 47. Rd7 hxg4 48. fxg4 Ke6 49. Rg7 Re3+ 50. Kd1 g5 51. Rg6+ Kd7 52. Nc4 Rd3+ 53. Kc2 Rd4 54. Nb6+ Kc6 55. Nd5 Rxe4 56. Ne7+ Kc5 57. Nf5 f3 58. Rxd6 f2 59. Rd1 Rxg4 60. Ne3 Rf4 61. Kd3 g4 62. Ke2 g3 63. Rd5+ Kc6 64. Rd1 Re4 65. Kf3 Rxe3+ 66. Kxe3 g2 67. Ke2 g1=Q 0-1


[Site "https://www.chess.com"]

[Event "Titled Tuesday Blitz May 10 Early 2022"]
[White "Suder, Jakub"]
[Black "Suleymanli, Aydin"]
[WhiteFideId "1195310"]
[BlackFideId "13413937"]
[WhiteElo "2058"]
[BlackElo "2481"]
[Result "0-1"]
[Round "04"]
[TimeControl "180+1"]
[Date "2022.05.10"]
[WhiteClock "0:00:01"]
[BlackClock "0:00:12"]

1. d4 Nf6 2. c4 g6 3. Nc3 Bg7 4. e4 d6 5. Be2 O-O 6. Nf3 Nc6 7. O-O e5 8. d5 Ne7 9. Ne1 Nd7 10. Be3 f5 11. f3 f4 12. Bf2 g5 13. Nb5 a6 14. Na7 c5 15. dxc6 bxc6 16. Qxd6 Rf6 17. Qb4 c5 18. Bxc5 Nxc5 19. Qxc5 Bb7 20. Qxe5 Rxa7 21. Qxg5 h6 22. Qe5 Rg6 23. Qxf4 Qd4+ 24. Kh1 Qxb2 25. Qb8+ Nc8 26. Nd3 Qd4 27. Rad1 Qd6 28. Qxd6 Rxd6 29. c5 Rd4 30. Nf4 Ra4 31. Ne6 Bf6 32. f4 Rxe4 33. Bf3 Rxe6 34. Bxb7 Rxb7 35. Rc1 Rc6 0-1


[Site "https://www.chess.com"]

[Event "Titled Tuesday Blitz May 10 Early 2022"]
[White "Suleymanli, Suleyman"]
[Black "Rohith Krishna S"]
[WhiteFideId "13416375"]
[BlackFideId "46617051"]
[WhiteElo "2553"]
[BlackElo "2753"]
[Result "1/2-1/2"]
[Round "04"]
[TimeControl "180+1"]
[Date "2022.05.11"]
[WhiteClock "0:00:34"]
[BlackClock "0:00:22"]

1. Nf3 Nf6 2. g3 g6 3. d4 d5 4. Bg2 Bg7 5. O-O O-O 6. c4 c6 7. cxd5 cxd5 8. Ne5 Nc6 9. Nc3 Bf5 10. Be3 Rc8 11. Qd2 h5 12. h3 Be6 13. Rac1 Re8 14. Kh2 h4 15. g4 Nxe5 16. dxe5 Ne4 17. Nxe4 dxe4 18. Qxd8 Rexd8 19. Bxe4 Bxe5+ 20. Kg2 Bxb2 21. Rb1 Bd4 22. Bxb7 Rb8 23. Bxd4 Rxd4 24. Bf3 Rxb1 25. Rxb1 Ra4 26. Rb8+ Kg7 27. Rb7 Kf6 28. Bc6 Rxa2 29. e3 g5 30. Kg1 a5 31. Ra7 Bc4 32. f4 Ra3 33. Kf2 e5 34. fxg5+ Kxg5 35. Be4 a4 36. Ra5 Kf6 37. g5+ Kxg5 38. Rxe5+ Kf6 39. Ra5 Ra2+ 40. Kf3 Be6 41. Bd5 Bxd5+ 42. Rxd5 a3 43. Ra5 Ra1 44. Kg4 a2 45. Kxh4 Ke6 46. Kh5 Kf6 47. h4 Kg7 48. e4 Kf6 49. e5+ Ke6 50. Kh6 Rh1 51. Rxa2 Rxh4+ 52. Kg5 Re4 53. Ra6+ Kxe5 54. Ra5+ Ke6 55. Ra6+ Ke7 56. Ra7+ Kf8 57. Kf5 Rc4 58. Ra1 Rc5+ 59. Kf6 Rc6+ 60. Kf5 Rb6 61. Ra2 Re6 62. Ra1 Kg7 63. Rg1+ Kf8 64. Ra1 Re2 65. Ra3 Rf2+ 66. Ke5 Kg7 67. Rg3+ Kh6 68. Rg1 Rf3 69. Rg8 Kh7 70. Rg1 Rf2 71. Rg3 Kh6 72. Rg1 Kh5 73. Rg8 Kh4 74. Ke4 Kh5 75. Ke5 Kh4 76. Ke4 Rf6 77. Rg1 Rg6 78. Rf1 Re6+ 79. Kf5 Ra6 80. Rh1+ Kg3 81. Rh7 Ra7 82. Kf6 Kg4 83. Rxf7 Rxf7+ 84. Kxf7 1/2-1/2


[Site "https://www.chess.com"]

[Event "Titled Tuesday Blitz May 10 Early 2022"]
[White "Tanenbaum, Zachary"]
[Black "Heinemann, Josefine"]
[WhiteFideId "2060850"]
[BlackFideId "12900460"]
[WhiteElo "2168"]
[BlackElo "2300"]
[Result "1-0"]
[Round "04"]
[TimeControl "180+1"]
[Date "2022.05.11"]
[WhiteClock "0:00:31"]
[BlackClock "0:01:03"]

1. e4 c6 2. d4 d5 3. exd5 cxd5 4. Bd3 Nc6 5. c3 Nf6 6. Bf4 g6 7. Nf3 Bg7 8. O-O O-O 9. Nbd2 Bf5 10. Bxf5 gxf5 11. Ne5 e6 12. Qf3 Nxe5 13. Bxe5 Kh8 14. Rae1 Rg8 15. Qf4 Ng4 16. Bxg7+ Rxg7 17. h3 Nf6 18. Nf3 Ne4 19. Re2 Qf6 20. g3 Rag8 21. Ne5 h5 22. Kh2 Kh7 23. c4 dxc4 24. Rxe4 fxe4 25. Qxf6 1-0


[Site "https://www.chess.com"]

[Event "Titled Tuesday Blitz May 10 Early 2022"]
[White "Tania, Sachdev"]
[Black "Wagner, Dennis"]
[WhiteFideId "5007844"]
[BlackFideId "24650684"]
[WhiteElo "2280"]
[BlackElo "2355"]
[Result "0-1"]
[Round "04"]
[TimeControl "180+1"]
[Date "2022.05.11"]
[WhiteClock "0:00:02"]
[BlackClock "0:00:08"]

1. d4 Nf6 2. c4 e6 3. Nf3 d5 4. Nc3 Bb4 5. Qa4+ Nc6 6. Bd2 O-O 7. e3 Re8 8. c5 Bd7 9. Qc2 e5 10. a3 exd4 11. axb4 Nxb4 12. Qb3 dxc3 13. Bxc3 a5 14. Be2 Ne4 15. Bd4 Qe7 16. Rc1 Bc6 17. O-O f6 18. Rfd1 Qd7 19. Ra1 Bb5 20. Bxb5 Qxb5 21. Rac1 a4 22. Qa3 Nc6 23. Qa2 Red8 24. Bc3 Qb3 25. Qxb3 axb3 26. Bd4 Ra2 27. Rb1 Na5 28. Ne1 Nc4 29. Nd3 Ra4 30. f3 Ng5 31. Nc1 Rb4 32. Nd3 Rb5 33. Rbc1 Ne6 34. Nf2 c6 35. Nd3 Re8 36. Bc3 Nxc5 37. Nxc5 Rxc5 38. Bd4 Ra5 39. Rc3 Rb5 40. Rdd3 Na5 41. Kf2 b6 42. Rc1 c5 43. Bc3 c4 44. Rd4 Nc6 45. Rg4 Ne5 46. Rg3 Nd3+ 0-1


[Site "https://www.chess.com"]

[Event "Titled Tuesday Blitz May 10 Early 2022"]
[White "Terry, Renato"]
[Black "Samant Aditya S"]
[WhiteFideId "3803457"]
[BlackFideId "35080580"]
[WhiteElo "2577"]
[BlackElo "1916"]
[Result "1-0"]
[Round "04"]
[TimeControl "180+1"]
[Date "2022.05.10"]
[WhiteClock "0:00:04"]
[BlackClock "0:00:04"]

1. d4 Nf6 2. Nf3 e6 3. c4 Bb4+ 4. Bd2 c5 5. g3 Qb6 6. Bg2 Nc6 7. dxc5 Bxc5 8. O-O Ne4 9. Be1 Qxb2 10. Nfd2 Nxf2 11. Bxf2 Bxf2+ 12. Rxf2 Qxa1 13. e3 O-O 14. Ne4 Qe5 15. Qd2 d5 16. Nec3 dxc4 17. Na3 Qc5 18. Nc2 e5 19. Ne4 Qe7 20. Qc3 Be6 21. h3 Rfd8 22. g4 Rd3 23. Qb2 Rad8 24. Kh2 Bd5 25. Qc1 Nb4 26. Ne1 Bxe4 27. Bxe4 Rd1 28. Qc3 Nd3 29. Nxd3 cxd3 30. Bf3 Rb1 31. Be4 Rb6 32. Rd2 Rbd6 33. Kg2 g6 34. Rd1 b6 35. Qd2 Qe6 36. Rf1 Rc8 37. Kg3 Rc2 38. Qd1 Qxa2 39. Qf3 Qe6 40. g5 d2 41. Bxc2 Kg7 42. Qe4 h6 43. h4 hxg5 44. hxg5 Qa2 45. Qxe5+ Kg8 46. Qxd6 Qxc2 47. Qd8+ Kg7 48. Qf6+ Kg8 49. Qxf7+ Kh8 50. Rh1# 1-0


[Site "https://www.chess.com"]

[Event "Titled Tuesday Blitz May 10 Early 2022"]
[White "Thomas, Anysia"]
[Black "Garcia de Dios, Jose Antonio"]
[WhiteFideId "670472"]
[BlackFideId "5128919"]
[WhiteElo "2002"]
[BlackElo "2080"]
[Result "0-1"]
[Round "04"]
[TimeControl "180+1"]
[Date "2022.05.11"]
[WhiteClock "0:00:02"]
[BlackClock "0:00:02"]

1. d4 Nf6 2. c4 g6 3. Nc3 Bg7 4. e4 d6 5. Nf3 O-O 6. h3 e5 7. d5 a5 8. g4 Na6 9. Be3 Nc5 10. Nd2 b6 11. Be2 Qe7 12. h4 Nfd7 13. h5 Bf6 14. Nf3 g5 15. h6 Kh8 16. Rh5 Rg8 17. Qd2 Nf8 18. Nxg5 Ng6 19. Nh3 Nf4 20. Nxf4 exf4 21. Bxf4 Bxg4 22. Bxg4 Rxg4 23. O-O-O Nxe4 24. Nxe4 Qxe4 25. Be3 Qxc4+ 26. Kb1 Re8 27. Bg5 Qe4+ 28. Ka1 Qe5 29. Bxf6+ Qxf6 30. f3 Rg6 31. Rhh1 Kg8 32. Rde1 Qd8 33. Rxe8+ Qxe8 34. Re1 Qd8 35. Qe3 Kf8 36. Qd4 Qf6 37. Qe3 Rxh6 38. Qe8+ Kg7 39. Rg1+ Rg6 40. Re1 h5 41. a3 Rg2 42. Rb1 h4 43. Qe4 h3 44. f4 Qg6 45. f5 Qg4 46. Qe7 h2 47. f6+ Kg6 48. Qf8 Rg1 49. Qg7+ Kf5 50. Qh7+ Ke5 0-1


[Site "https://www.chess.com"]

[Event "Titled Tuesday Blitz May 10 Early 2022"]
[White "Todorovic, Bojan"]
[Black "Petrov, Martin"]
[WhiteFideId "917087"]
[BlackFideId "2911086"]
[WhiteElo "2266"]
[BlackElo "2343"]
[Result "0-1"]
[Round "04"]
[TimeControl "180+1"]
[Date "2022.05.11"]
[WhiteClock "0:00:01"]
[BlackClock "0:01:14"]

1. d4 Nf6 2. c4 e6 3. Nc3 d5 4. cxd5 exd5 5. Bg5 c6 6. e3 h6 7. Bh4 Be7 8. Bd3 O-O 9. Nf3 Ne4 10. Bxe7 Qxe7 11. Bxe4 dxe4 12. Nd2 Bf5 13. O-O Nd7 14. Qc2 Nf6 15. f4 Ng4 16. Rae1 Qh4 17. h3 Nf6 18. Nc4 Rad8 19. Qf2 Qxf2+ 20. Rxf2 Nd5 21. g4 Be6 22. Nxe4 Nxf4 23. Rxf4 Bxc4 24. b3 Bd5 25. Nc5 b6 26. Nd3 Rfe8 27. e4 Be6 28. e5 c5 29. Rd1 g5 30. Re4 Bd5 0-1


[Site "https://www.chess.com"]

[Event "Titled Tuesday Blitz May 10 Early 2022"]
[White "Tuleyeva-Aketayeva, Dana"]
[Black "Stepanencu, Nicodim-Cosmin"]
[WhiteFideId "13701932"]
[BlackFideId "1256220"]
[WhiteElo "1875"]
[BlackElo "1945"]
[Result "0-1"]
[Round "04"]
[TimeControl "180+1"]
[Date "2022.05.11"]
[WhiteClock "0:00:07"]
[BlackClock "0:00:07"]

1. d4 d5 2. Nf3 Nf6 3. g3 Bf5 4. Bg2 e6 5. O-O h6 6. c4 c6 7. Nc3 Nbd7 8. Nd2 Be7 9. e4 dxe4 10. Ndxe4 Nxe4 11. Nxe4 O-O 12. Be3 Nf6 13. Nc3 Qa5 14. Qb3 Qa6 15. Rfd1 Rac8 16. Rd2 Ng4 17. Bf4 g5 18. Be3 Nxe3 19. fxe3 Bg6 20. Rad1 Rc7 21. e4 Rd8 22. d5 cxd5 23. exd5 Bh5 24. Nb5 Bxd1 25. Rxd1 Rcd7 26. Qd3 Bf6 27. Be4 exd5 28. cxd5 Qxa2 29. Kg2 Qxb2+ 30. Rd2 Qb4 31. d6 a6 32. Nc7 Rxd6 33. Nd5 Rxd5 34. Bxd5 Kg7 35. Qe4 Qxd2+ 36. Kh3 Qxd5 37. Qxd5 Rxd5 38. g4 a5 39. Kg3 a4 40. Kf2 Rd3 41. Ke2 Rc3 42. Kd2 a3 43. Kd1 a2 44. Kd2 a1=Q 45. Ke2 Qb2+ 0-1


[Site "https://www.chess.com"]

[Event "Titled Tuesday Blitz May 10 Early 2022"]
[White "Turutin, Alexander"]
[Black "Mikhnenko, Alexander"]
[WhiteFideId "4180623"]
[BlackFideId "34143014"]
[WhiteElo "2402"]
[BlackElo "2117"]
[Result "1-0"]
[Round "04"]
[TimeControl "180+1"]
[Date "2022.05.11"]
[WhiteClock "0:00:12"]
[BlackClock "0:00:04"]

1. e4 c5 2. Nf3 e6 3. d4 cxd4 4. Nxd4 Nf6 5. Nc3 Nc6 6. Nxc6 bxc6 7. e5 Nd5 8. Ne4 Qc7 9. f4 Qb6 10. c4 Bb4+ 11. Ke2 f5 12. Nf2 Ba6 13. Kf3 Ne7 14. Be3 Bc5 15. Bxc5 Qxc5 16. Qd6 Qxd6 17. exd6 Ng8 18. c5 Bxf1 19. Rhxf1 Nf6 20. b4 O-O 21. a4 Rfb8 22. Rab1 a6 23. Rb3 Rb7 24. Rfb1 Rab8 25. Nd3 Kf7 26. b5 axb5 27. axb5 Rxb5 28. Rxb5 Rxb5 29. Ra1 Rb3 30. Ke2 Rb8 31. Ra7 Ke8 32. Ne5 Rd8 33. Kd3 Ne4 34. Kd4 Nf6 35. h3 h6 36. g3 Rb8 37. g4 fxg4 38. hxg4 g5 39. fxg5 hxg5 40. Rc7 Rb4+ 41. Kd3 Rb3+ 42. Kc2 Rb8 43. Kd3 Rb3+ 44. Kc2 Rb8 45. Ra7 Rd8 46. Kd3 Nd5 47. Kd4 Nf6 48. Nf3 Nxg4 49. Nxg5 Rb8 50. Ne4 Rb4+ 51. Kd3 Ne5+ 52. Ke3 Rb3+ 53. Kf4 Nd3+ 54. Kg5 Rb8 55. Kf6 Rd8 56. Kg7 1-0


[Site "https://www.chess.com"]

[Event "Titled Tuesday Blitz May 10 Early 2022"]
[White "Valle Maytin, Luis Enrique"]
[Black "Matveeva, Olga"]
[WhiteFideId "3503666"]
[BlackFideId "24107018"]
[WhiteElo "2285"]
[BlackElo "2052"]
[Result "0-1"]
[Round "04"]
[TimeControl "180+1"]
[Date "2022.05.11"]
[WhiteClock "0:01:24"]
[BlackClock "0:01:01"]

1. e4 e6 2. d4 d5 3. Bd3 dxe4 4. Bxe4 Nf6 5. Bf3 c5 6. Ne2 Nc6 7. c3 cxd4 8. cxd4 Bb4+ 9. Nbc3 O-O 10. a3 Be7 11. O-O Nd5 12. Qb3 Nxc3 13. bxc3 Na5 14. Qa2 Bd7 15. c4 Rc8 16. c5 Bc6 17. Bxc6 Nxc6 18. Be3 Bf6 19. Rad1 Ne7 20. Nf4 b6 21. Nh5 Nd5 22. Nf4 Nxf4 23. Bxf4 Qd5 24. Qxd5 exd5 25. Bd6 Rfe8 26. Rd3 Re2 27. Rb3 Bxd4 28. cxb6 Bxb6 29. Rd3 Rxf2 30. Rfd1 Rf6+ 31. Bc5 Bxc5+ 32. Kh1 d4 0-1


[Site "https://www.chess.com"]

[Event "Titled Tuesday Blitz May 10 Early 2022"]
[White "Vasquez Schroeder, Rodrigo"]
[Black "Subelj, Jan"]
[WhiteFideId "3400042"]
[BlackFideId "14618583"]
[WhiteElo "2567"]
[BlackElo "2328"]
[Result "1-0"]
[Round "04"]
[TimeControl "180+1"]
[Date "2022.05.11"]
[WhiteClock "0:00:55"]
[BlackClock "0:00:12"]

1. e4 c5 2. Nf3 Nc6 3. Bb5 e6 4. Bxc6 bxc6 5. d3 d6 6. e5 dxe5 7. Nxe5 Bd6 8. Nc4 Nf6 9. Nxd6+ Qxd6 10. O-O h5 11. Nd2 Ba6 12. Re1 Ng4 13. g3 O-O-O 14. Qf3 Qd5 15. h3 Nf6 16. b3 Kb8 17. Bb2 Bc8 18. Qf4+ Ka8 19. Re5 Qd6 20. Nc4 Qe7 21. Qg5 Rh6 22. Rae1 Rg6 23. Qh4 Rd5 24. Bc1 Ba6 25. Rxd5 cxd5 26. Ne5 Bb7 27. Nxg6 fxg6 28. Qf4 d4 29. Qe5 Bd5 30. Bg5 Qb7 31. Bxf6 Bh1 32. Kf1 gxf6 33. Qxf6 Bd5 34. Qd8+ Qb8 35. Qxb8+ Kxb8 36. f4 Kc7 37. Kf2 Kd8 38. g4 hxg4 39. hxg4 Ke7 40. Kg3 Kf6 41. Re2 Bc6 42. Rh2 Kg7 43. Kh4 Kf6 44. Kg3 Kg7 45. Re2 Bd5 46. Re5 Kf6 47. Kh4 a6 48. a3 a5 49. a4 Kf7 50. Kg5 Kg7 51. f5 gxf5 52. gxf5 Kf7 53. Rxd5 exd5 54. f6 c4 55. Kf5 cxb3 56. cxb3 Kf8 57. Ke6 Ke8 58. Kxd5 Kf7 59. Ke5 Kf8 60. Kxd4 Ke8 61. Ke5 Kf7 62. d4 Kf8 63. d5 Ke8 64. d6 Kf7 65. d7 Kg6 66. d8=Q 1-0


[Site "https://www.chess.com"]

[Event "Titled Tuesday Blitz May 10 Early 2022"]
[White "Vifleemskaia, Svetlana"]
[Black "Ianov, Viktor"]
[WhiteFideId "4129490"]
[BlackFideId "14102730"]
[WhiteElo "1929"]
[BlackElo "2152"]
[Result "0-1"]
[Round "04"]
[TimeControl "180+1"]
[Date "2022.05.11"]
[WhiteClock "0:00:05"]
[BlackClock "0:01:52"]

1. d4 d6 2. c4 g6 3. Nc3 Bg7 4. e4 e5 5. d5 f5 6. h4 Nf6 7. exf5 gxf5 8. h5 O-O 9. h6 Bh8 10. Bg5 Na6 11. Nf3 Rf7 12. Qc2 Bd7 13. O-O-O Nc5 14. b4 Nce4 15. Nxe4 fxe4 16. Nd2 Bf5 17. Be2 Qd7 18. Be3 c6 19. dxc6 bxc6 20. g4 Bg6 21. g5 Ng4 22. Bxg4 Qxg4 23. Rhg1 Qf5 24. Nb3 Rd8 25. Qe2 d5 0-1


[Site "https://www.chess.com"]

[Event "Titled Tuesday Blitz May 10 Early 2022"]
[White "Vovk, Orest"]
[Black "Starozhilov, Leonid"]
[WhiteFideId "14113490"]
[BlackFideId "14106752"]
[WhiteElo "2553"]
[BlackElo "2761"]
[Result "0-1"]
[Round "04"]
[TimeControl "180+1"]
[Date "2022.05.11"]
[WhiteClock "0:00:41"]
[BlackClock "0:01:24"]

1. h4 c5 2. h5 Nc6 3. Nc3 d5 4. e4 Nf6 5. exd5 Nxd5 6. Nxd5 Qxd5 7. Qf3 Be6 8. Qxd5 Bxd5 9. d3 O-O-O 10. Be3 e5 11. h6 g6 12. O-O-O f6 13. f4 exf4 14. Bxf4 Bd6 15. Bxd6 Rxd6 16. Re1 Re6 17. Rxe6 Bxe6 18. g3 Bd5 19. Rh2 Re8 20. Kd2 Nd4 21. Bh3+ Kc7 22. Bg2 Bxa2 23. b3 Bb1 24. c4 Nxb3+ 25. Kc3 Nd4 26. Be4 f5 27. Rb2 fxe4 28. Rxb1 e3 29. Rf1 e2 30. Re1 Re3 31. g4 a6 32. Kd2 Rg3 33. Kc3 b5 34. cxb5 axb5 35. g5 Kd6 0-1


[Site "https://www.chess.com"]

[Event "Titled Tuesday Blitz May 10 Early 2022"]
[White "Vusatiuk, Vladimir"]
[Black "Sapunov, Evgeny"]
[WhiteFideId "14118610"]
[BlackFideId "4126661"]
[WhiteElo "2545"]
[BlackElo "2738"]
[Result "0-1"]
[Round "04"]
[TimeControl "180+1"]
[Date "2022.05.11"]
[WhiteClock "0:00:04"]
[BlackClock "0:00:26"]

1. d4 Nf6 2. c4 g6 3. Nc3 Bg7 4. e4 O-O 5. Nf3 d6 6. Be2 e5 7. O-O Nc6 8. d5 Ne7 9. Ne1 Nd7 10. Be3 f5 11. f3 f4 12. Bf2 g5 13. a4 a5 14. Nd3 b6 15. Be1 Nc5 16. Nb5 c6 17. dxc6 Nxc6 18. Bc3 Be6 19. Nf2 Nb7 20. b3 Qe7 21. Qc2 h5 22. Rad1 Rf6 23. Rd2 Bf8 24. Rfd1 Rg6 25. Qb2 g4 26. Nxd6 Nxd6 27. Rxd6 Qxd6 28. Rxd6 Bxd6 29. Nd3 Rg5 30. Kf1 Kh7 31. Be1 Rag8 32. Bf2 g3 33. hxg3 fxg3 34. Bxb6 h4 35. Be3 Rh5 36. f4 h3 37. Kg1 Bg4 38. Bxg4 Rxg4 39. Qe2 Rgh4 40. gxh3 exf4 41. Bb6 Ne5 42. Nxe5 Bxe5 43. c5 Rxh3 44. Qg4 Rh1+ 45. Kg2 R5h2+ 46. Kf3 Rf2# 0-1


[Site "https://www.chess.com"]